 Dungeon Crawl Stone Soup version 0.20.0-15-g7f486f2 (webtiles) character file.

147 panicbit the Covered (level 5, -5/46 HPs)
             Began as a Minotaur Fighter on June 27, 2017.
             Killed by divine providence
             ... invoked by an orc priest
              (9 damage)
             ... on level 4 of the Dungeon.
             The game lasted 00:07:23 (1994 turns).

panicbit the Covered (Minotaur Fighter)             Turns: 1994, Time: 00:07:24

Health: -5/46      AC:  7    Str: 22    XL:     5   Next: 7%
Magic:  13/13      EV:  8    Int:  5    God:
Gold:   95         SH:  9    Dex:  9    Spells: 4/4 levels left

rFire    . . .     SeeInvis .   a - +0 war axe
rCold    . . .     Gourm    .   c - +0 shield
rNeg     . . .     Faith    .   b - +0 scale mail
rPois    .         Spirit   .   (helmet restricted)
rElec    .         Reflect  .   m - scarf {cloud immunity}
rCorr    .         Harm     .   (no gloves)
MR       .....                  (no boots)
Stlth    +.........             (no amulet)
Regen    0.2/turn               n - ring of magical power
MPRegen  0.2/turn               q - ring of stealth

@: no status effects
A: retaliatory headbutt, horns 2
a: no special abilities


You were on level 4 of the Dungeon.
You were hungry.

You visited 1 branch of the dungeon, and saw 4 of its levels.

You collected 95 gold pieces.

Inventory:

Hand Weapons
 a - a +0 war axe (weapon)
Armour
 b - a +0 scale mail (worn)
 c - a +0 shield (worn)
 m - a scarf of cloud immunity (worn)
Jewellery
 n - a ring of magical power (left hand)
 q - a ring of stealth (right hand)
Scrolls
 e - 5 scrolls of identify {unknown}
 k - 2 scrolls of amnesia {unknown}
 l - a scroll of enchant weapon {unknown}
 o - a scroll of blinking {unknown}
 p - 2 scrolls of teleportation {unknown}
Potions
 d - a potion of might
 h - 2 potions of haste {unknown}
 i - 3 potions of curing {unknown}
 j - 3 potions of mutation {unknown}
Comestibles
 f - 3 bread rations
 g - a chunk of flesh


   Skills:
 + Level 4.0 Fighting
 + Level 4.1 Axes
 + Level 4.7 Armour
 + Level 1.3 Dodging
 + Level 0.1 Stealth
 + Level 4.5 Shields


You had 4 spell levels left.
You didn't know any spells.

Dungeon Overview and Level Annotations

Branches:
Dungeon (4/15)
 Temple: D:4-7

Altars:

Annotations:
D:3 Grinder, Sigmund


Innate Abilities, Weirdness & Mutations

You reflexively headbutt those who attack you in melee.
You have a pair of horns on your head.


Message History

You headbutt the orc priest, but do no damage.
You miss something. Something hits you.
The orc priest hits you but does no damage.
The orc wizard gestures wildly while chanting.
The orc wizard flickers and vanishes!
You hear some strange, mumbled words.
A puff of flame appears from out of thin air!
The puff of flame hits you!
* * * LOW HITPOINT WARNING * * *
The orc priest hits you but does no damage.
You slash the orc priest!
The orc priest is severely wounded.
You hit something.
You hear some strange, mumbled words.
A puff of flame appears from out of thin air!
The puff of flame hits you!
* * * LOW HITPOINT WARNING * * *
The orc priest mumbles some strange prayers to Beogh against you.
Beogh smites you!
You die... ...... ...... ....!. ......# ....o .wa

#o## #{@#
#.........#
.<.........#
##.#..$....#
.. #.<.....#
# #........
..........
............


You could see a worker ant, an orc priest, a dart slug and an orc.

Vanquished Creatures
  A hound (D:4)
  3 gnolls (D:2)
  2 adders (D:2)
  An ooze (D:3)
  2 worms (D:2)
  2 dart slugs
  6 leopard geckos
  3 bats
  3 giant cockroaches
  7 goblins
  3 hobgoblins
  6 jackals
  7 frilled lizards
  3 kobolds
  4 rats
53 creatures vanquished.

Notes
Turn   | Place    | Note
-------+----------+-------------------------------------------
     0 | D:1      | panicbit the Minotaur Fighter began the quest for the Orb.
     0 | D:1      | Reached XP level 1. HP: 19/19 MP: 0/0
   200 | D:1      | Reached XP level 2. HP: 27/27 MP: 1/1
   680 | D:2      | Reached XP level 3. HP: 23/33 MP: 2/2
   839 | D:2      | Reached XP level 4. HP: 25/40 MP: 3/3
  1352 | D:3      | Noticed Sigmund
  1521 | D:3      | Reached skill level 1 in Dodging
  1666 | D:3      | Noticed Grinder
  1666 | D:3      | Paralysed by Grinder for 4 turns
  1989 | D:4      | Reached XP level 5. HP: 20/46 MP: 4/4
  1994 | D:4      | Killed from afar by an orc priest

Skill      XL: |  1  2  3  4 |
---------------+-------------+-----
Armour         | 4 |  4.7
Shields        | 4 |  4.5
Axes           | 3 4 |  4.1
Fighting       | 4 |  4.0
Dodging        | 1 |  1.3
Stealth        | |  0.1

Action                   |  1- 3 |  4- 6 || total
-------------------------+-------+-------++-------
Melee: War axe           |    74 |    64 ||   138
       Headbutt          |     8 |     6 ||    14
  Eat: Chunk             |       |     3 ||     3
Armor: Scale mail        |    35 |    30 ||    65
Dodge: Dodged            |    22 |    19 ||    41
Block: Shield            |    39 |    43 ||    82
